 Dungeon Crawl Stone Soup version 0.28-a0-479-g5baa6b73be (webtiles) character file.

Game seed: 13953853949443223999

570 speeev33 the Skirmisher (level 7, -4/63 HPs)
             Began as a Hill Orc Fighter on Sept 19, 2021.
             Slain by an ogre (25 damage)
             ... on level 4 of the Dungeon.
             The game lasted 00:04:06 (3928 turns).

speeev33 the Skirmisher (Hill Orc Fighter)          Turns: 3928, Time: 00:04:06

Health: -4/63      AC: 11    Str: 21    XL:     7   Next: 34%
Magic:  2/7        EV:  8    Int:  8    God:
Gold:   105        SH:  4    Dex: 10    Spells: 6/6 levels left

rFire   . . .      SeeInvis .   a - +0 war axe
rCold   . . .      Faith    .   c - +0 buckler
rNeg    . . .      Spirit   .   h - +1 chain mail
rPois   .          Reflect  .   (no helmet)
rElec   .          Harm     .   (no cloak)
rCorr   .          Rampage  .   (no gloves)
Will    .....                   (no boots)
Stlth   ..........              (no amulet)
HPRegen 0.20/turn               (no ring)
MPRegen 0.10/turn               (no ring)

@: no status effects
A: no striking features
a: no special abilities


You were on level 4 of the Dungeon.
You visited 1 branch of the dungeon, and saw 4 of its levels.

You collected 105 gold pieces.

Inventory:

Hand Weapons
 a - a +0 war axe (weapon)
 d - a +0 flail
Armour
 c - a +0 buckler (worn)
 h - a +1 chain mail (worn)
Wands
 i - a wand of flame (5)
 m - a wand of iceblast (9)
Scrolls
 f - a scroll of identify
 g - a scroll of blinking
 j - a scroll of magic mapping
 k - a scroll of teleportation
Potions
 b - a potion of haste
 e - 2 potions of lignification
 l - 2 potions of heal wounds


   Skills:
 + Level 6.2 Fighting
 + Level 6.1 Axes
 + Level 5.6 Armour
 - Level 4.0 Shields


You had 6 spell levels left.
You didn't know any spells.
Your spell library contained the following spells:

 Spells                   Type           Power      Damage    Failure   Level
 Sandblast                Erth           0%         2d4       98%         1
 Passwall                 Tmut/Erth      0%         N/A       99%         2
 Scorch                   Fire           0%         2d5       99%         2
 Stone Arrow              Conj/Erth      0%         3d7       100%        3
 Flame Wave               Conj/Fire      0%         3d3       100%        4
 Summon Cactus Giant      Summ           0%         N/A       100%        6


Dungeon Overview and Level Annotations

Branches:
Dungeon (4/15)
 Temple: D:4-7

Altars:
Fedhas
Qazlal
Xom


Message History

You slash the orc!
You kill the orc!
You see here a +0 hand axe.
You now have 105 gold pieces (gained 8).
There is a fountain of clear blue water here.
There is a fountain of clear blue water here.
Things that are here:
a +0 dagger; a +0 shortbow The ogre shouts!
A goblin comes into view. It is wielding a +0 club.
A gnoll comes into view. It is wielding a +2 antimagic spear.
A gnoll comes into view. It is wielding a +0 club.
The goblin shouts!
The gnoll shouts!
You hear a shout! x4
The goblin unwields a +0 club.
The goblin wields a +0 hunting sling.
The goblin shoots a stone.
The stone hits you.
The goblin shoots a stone.
The stone hits you but does no damage.
A gnoll comes into view. It is wielding a +0 spear.
Okay, then.
The goblin shoots a stone.
The stone hits you but does no damage.
The goblin shoots a stone.
The stone hits you but does no damage. The ogre hits you with a +0 giant club!
Your chain mail prevents you from hitting the ogre.
The ogre hits you but does no damage.
You barely miss the ogre. You block the gnoll's attack.
The ogre hits you with a +0 giant club!
You hit the ogre.
The ogre is lightly wounded.
The gnoll hits you from afar with a +2 antimagic spear.
You feel your power leaking away. The gnoll hits you but does no damage.
The ogre hits you with a +0 giant club.
You hit the ogre.
The ogre is moderately wounded.
The gnoll hits you from afar with a +2 antimagic spear.
You feel your power leaking away.
The gnoll hits you from afar with a +0 spear.
The goblin shoots a stone.
You block the stone.
The gnoll hits you from afar with a +2 antimagic spear.
You feel your power leaking away.
The ogre hits you with a +0 giant club!!
You die...

#...........#.#......
####.#####....#......
#.###....>##.....)
#..##.###.#.......
####.....##......<..
#........##...#####.
#...................
#....g..............
###@##.............#
########O##..............
#.......gg.#............#
#.......g....#..........#
#.......................#
#............##.##.......
#............#...#.##.##.
#....>.....#.......#...#.
##########.#.#g.g#.......


You could see an ogre, 3 gnolls and a goblin.

Vanquished Creatures
  Grinder (D:3)
  A water moccasin (D:3)
  A phantom (D:4)
  A hound (D:4)
  Terence (D:3)
  2 gnolls
  3 adders
  3 worms
  3 dart slugs
  An orc (D:4)
  6 bats
  10 endoplasms
  5 giant cockroaches
  4 goblins
  5 hobgoblins
  2 quokkas
  6 ball pythons
  2 frilled lizards
  8 kobolds
  5 rats
70 creatures vanquished.

Vanquished Creatures (others)
  2 fungi (D:3)
  2 plants (D:3)
4 creatures vanquished.

Grand Total: 74 creatures vanquished

Notes
Turn   | Place    | Note
-------+----------+-------------------------------------------
     0 | D:1      | speeev33 the Hill Orc Fighter began the quest for the Orb.
     0 | D:1      | Reached XP level 1. HP: 19/19 MP: 1/1
   190 | D:1      | Reached XP level 2. HP: 27/27 MP: 2/2
   549 | D:1      | Found a faded altar of an unknown god.
   636 | D:1      | Reached XP level 3. HP: 26/33 MP: 3/3
  1217 | D:2      | Reached XP level 4. HP: 33/40 MP: 4/4
  2127 | D:3      | Noticed Terence
  2135 | D:3      | Killed Terence
  2283 | D:3      | Reached XP level 5. HP: 47/47 MP: 5/5
  2419 | D:3      | Found a stormy altar of Qazlal.
  2427 | D:3      | Found a blossoming altar of Fedhas.
  2626 | D:3      | Noticed a water moccasin
  2637 | D:3      | Killed a water moccasin
  2638 | D:3      | Reached skill level 5 in Fighting
  2638 | D:3      | Reached XP level 6. HP: 47/56 MP: 6/6
  2852 | D:3      | Noticed Grinder
  3216 | D:3      | Paralysed by Grinder for 4 turns
  3229 | D:3      | Paralysed by Grinder for 5 turns
  3237 | D:3      | Killed Grinder
  3238 | D:3      | Reached skill level 5 in Axes
  3238 | D:3      | Reached skill level 5 in Armour
  3238 | D:3      | Reached XP level 7. HP: 34/62 MP: 7/7
  3857 | D:4      | Found a shimmering altar of Xom.
  3858 | D:4      | Found a shimmering altar of Xom.
  3858 | D:4      | Found a shimmering altar of Xom.
  3928 | D:4      | Slain by an ogre

Illustrated notes

Levels and vault maps discovered:
D:1:      eino_arrival_cavern_d, layout_rooms,
          hellmonk_ecumenical_altar_prayer_group
D:2:      layout_loops_corners
D:3:      layout_basic, grunt_temple_overflow_forces_of_nature, uniq_terence,
          uniq_grinder
D:4:      layout_rooms, xom_redecorated, hangedman_decor_clover_reticule

Skill      XL: |  1  2  3  4  5  6  7 |
---------------+----------------------+-----
Axes           | 3 4 5 6 |  6.1
Fighting       | 4 5 6 |  6.2
Shields        | 4 |  4.0
Armour         | 4 5 |  5.6

Action                   |  1- 3 |  4- 6 |  7- 9 || total
-------------------------+-------+-------+-------++-------
Melee: War axe           |    76 |    98 |    42 ||   216
Evoke: Wand              |       |     4 |       ||     4
  Use: Scroll            |     2 |     5 |       ||     7
       Potion            |       |     2 |       ||     2
Armor: Scale mail        |    18 |    28 |       ||    46
       Chain mail        |       |    32 |    25 ||    57
Dodge: Dodged            |    31 |    44 |    12 ||    87
Block: Buckler           |    10 |    21 |     9 ||    40

Table legend: (Time is in decaauts)
 A = Elapsed time spent in this place.
 B = Non-inter-level travel time spent in this place.
 C = Inter-level travel time spent in this place.
 D = Time resting spent in this place.
 E = Time spent auto-exploring this place.
 F = Levels seen in this place.
 G = Mean time per level.
                   A        B        C        D        E       F      G
               +--------+--------+--------+--------+--------+-----+--------+
         Total |   3977 |   3795 |    182 |    151 |   3006 |   4 |  994.2 |
       Dungeon |   3977 |   3795 |    182 |    151 |   3006 |   4 |  994.2 |
               +--------+--------+--------+--------+--------+-----+--------+

Top non-repeatable levels by time:
     D:2: 1376 daAuts
     D:3: 1372 daAuts
     D:1: 854 daAuts
     D:4: 373 daAuts
